AoeStats
← A V I C I I

Arabia

509036706Analyzed
1v1 RM · 8d ago on Sep 25, 2026· 16m 59s· 2 players
Game mode
Random Map
Map size
Tiny (2 player)
Population
200
Speed
Normal
Resources
Standard
Victory
Conquest
Starting age
Dark Age
Ending age
Imperial Age
RankedLock teamsTeams togetherTeam positionsShared explorationLock speedFull tech treeHidden civsTurbo modeCheats
Victory
Defeat
🇬🇹 Mongols · Guatemala
1628
+20
🇨🇱 Danes · Chile
1658
-17
ZealoT
6:26 Loom
8:31 Feudal Age
9:29 Double-Bit Axe
12:30 Fletching
A V I C I I
6:25 Loom
9:11 Feudal Age
9:22 Man-at-Arms
13:08 Town Watch
14:04 Double-Bit Axe
15:36 Padded Archer Armor
15:55 Horse Collar
16:58 Fletching
Connection lost

Rejoining the realm…

Still unreachable

The connection could not be restored.

Session expired

The server has moved on; the page needs a fresh start.